 Dungeon Sprint DCSS version 0.22.1-2-g9c5b331383 (webtiles) character file.

268001 Groucho the Imperceptible (level 11, 57/61 HPs)
             Began as a Felid Berserker on Nov 15, 2018.
             Was the Champion of Trog.
             Escaped with the Orb!
             The game lasted 00:16:46 (3530 turns).

Groucho the Imperceptible (Felid Berserker)         Turns: 3530, Time: 00:16:47

Health: 57/61      AC:  2    Str: 13    XL:     11   Next: 83%
Magic:  12/12      EV: 36    Int:  7    God:    Trog [******]
Gold:   1900       SH:  0    Dex: 19    Spells: 10/10 levels left
                                        Lives:  0   Deaths: 3

rFire    . . .     SeeInvis +     - Unarmed
rCold    . . .     Gourm    .   (shield unavailable)
rNeg     . . .     Faith    .   (armour unavailable)
rPois    +         Spirit   .   (helmet unavailable)
rElec    .         Reflect  .   (cloak unavailable)
rCorr    .         Harm     .   (gloves unavailable)
MR       +....     Rnd*Rage +   (boots unavailable) Stlth +++.......NoTele +
                                (no amulet)
HPRegen  0.20/turn              j - +1 ring of evasion
MPRegen  0.13/turn              l - ring of poison resistance

@: flying, quick
A: very small, no armour, no weapons or thrown items, stealth, claws 1, fangs 3,
see invisible, berserk 1, carnivore, dopey 1, speed 1, shaggy fur 2, slow
metabolism 1, sharp paws
0: Orb of Zot
a: Berserk, Trog's Hand, Brothers in Arms, Renounce Religion


You escaped.
You worshipped Trog.
Trog was exalted by your worship.
You were not hungry.

You visited 1 branch You collected 3117 gold pieces.
You spent 1217 gold pieces at shops.

Inventory:

Jewellery
 f - an uncursed ring of fire
 j - a +1 ring of evasion (left paw)
 l - a ring of poison resistance (right paw)
 o - a +3 ring of slaying
Wands
 m - a wand of digging (14)
Scrolls
 c - 2 scrolls of remove curse {unknown}
 k - a scroll of fear {unknown}
 n - a scroll of blinking
Potions
 b - 2 potions of curing
 e - 3 potions of magic
 i - a potion of resistance
Comestibles
 a - 4 rations


   Skills:
 + Level 15.0 Fighting
 + Level 18.7 Dodging
 + Level 26.1 Stealth
 + Level 15.0 Unarmed Combat


You had 10 spell levels left.
You didn't know any spells.
Your spell library was empty.

Dungeon Overview and Level Annotations

Branches:
Dungeon (1/1)

Altars:
Cheibriados
Dithmenos
Elyvilon
Fedhas
Gozag
Hepliaklqana
Kikubaaqudgha
Makhleb
Nemelex Xobeh
Okawaru
Qazlal
Ru
Sif Muna
Trog
Uskayaw
Vehumet
Wu Jian
Xom
Yredelemnul
Zin
The Shining One
Jiyva
Lugonu

Shops:
D [:(=:!%[%!}=([}(==[[(}

Annotations:
D Tiamat


Innate Abilities, Weirdness & Mutations

You cannot wear armour.
You are incapable of wielding weapons or throwing items.
Your paws allow you to move quietly. (Stealth)
You have sharp claws.
You have razor-sharp teeth.
You have supernaturally acute eyesight. (SInv)
You are carnivorous and can eat meat at any time.
You cover ground quickly.
You are covered in thick fur. (AC +2)
You have a slow metabolism.
Your sharp claws are effective at attacking unaware monsters.
You tend to lose your temper in combat.
You are dopey. (Int -2)


Message History

There is an open door, spattered with blood here.
You hear a grinding noise.
There is an open door here.
There is an open door here.
Your extra speed is starting to run out.
There is an open door here.
There is an open door here.
There is an open door here.
There is an open door here.
You feel yourself slow down.
e - 3 potions of magic (gained 1)
Things that are here:
a scythe; a robe
There is an open door here.
You hear a grinding noise.
You see here a giant club.
There is an open door here.
There is an open door here.
There is a staircase leading out of the dungeon here.
You have escaped!

##################
#@.#..'..#.)'..#__
#..').#.)'..#..'..
#..#####'#####'#__
#..####..#...#.###
#..#__####..##.#§§
#..#_____##'#_.§§§
#⌠⌠#_.∩...'..._#≈§
####_..__##_.#'##§
#_____###'#.#§§


There were no monsters in sight!

Vanquished Creatures
  A golden dragon (D)
  3 fire giants (D)
  A lorocyproca (D)
  A hydra (D)
  2 centaur warriors (D)
  Sonja (D)
  7 unseen horrors (D)
  A deep troll (D)
  A lindwurm (D)
  An oklob plant (D)
  3 shining eyes (D)
  A gargoyle (D)
  2 kobold demonologists (D)
  A hornet (D)
  A slime creature (D)
  Sigmund (D)
  2 redbacks (D)
  A yak (D)
  13 hogs (D)
  4 floating eyes (D)
  An ogre (D)
  4 necrophages (D)
  8 jellies (D)
  Ijyb (D)
  2 ballistomycetes (D)
64 creatures vanquished.

Vanquished Creatures (collateral kills)
  A shadow dragon (D)
  A daeva (D)
  A fire giant (D)
  5 shining eyes (D)
  4 demonic crawlers (D)
  3 floating eyes (D)
  3 necrophages (D)
18 creatures vanquished.

Vanquished Creatures (others)
  3 hornets (D)
  2 ballistomycete spores (D)
5 creatures vanquished.

Grand Total: 87 creatures vanquished

Notes
Turn   | Place    | Note
-------+----------+-------------------------------------------
     0 | D        | Groucho the Felid Berserker began the quest for the Orb.
     0 | D        | Reached XP level 1. HP: 10/10 MP: 2/2
     1 | D        | Noticed Ijyb
    15 | D        | Killed Ijyb
    15 | D        | Reached skill level 8 in Stealth
    15 | D        | Reached XP level 2. HP: 14/14 MP: 3/3
    62 | D        | Noticed an ogre
    66 | D        | Killed an ogre
    66 | D        | Reached skill level 12 in Stealth
    66 | D        | Reached XP level 3. HP: 17/17 MP: 4/4
    66 | D        | Reached XP level 4. HP: 21/21 MP: 5/5
   113 | D        | Noticed Sigmund
   115 | D        | Killed Sigmund
   115 | D        | Reached ** piety under Trog
   115 | D        | Reached skill level 16 in Stealth
   115 | D        | Reached XP level 5. HP: 24/24 MP: 6/6
   127 | D        | Found a deep blue altar of Sif Muna.
   128 | D        | Found an ornate altar of the Wu Jian Council.
   129 | D        | Found a radiant altar of Vehumet.
   137 | D        | Gained mutation: You are covered in thick fur. (AC +2)
                  | [Felid growth]
   137 | D        | Reached XP level 6. HP: 8/28 MP: 7/7
   346 | D        | Killed a hornet
   396 | D        | Found Xiej's Jewellery Emporium.
   396 | D        | Found an ancient bone altar of Kikubaaqudgha.
   396 | D        | Found a hazy altar of Hepliaklqana.
   396 | D        | Found a stormy altar of Qazlal.
   396 | D        | Found a hide-covered altar of Uskayaw.
   396 | D        | Found a blossoming altar of Fedhas.
   396 | D        | Found a bloodstained altar of Trog.
   396 | D        | Found an iron altar of Okawaru.
   396 | D        | Found a basalt altar of Yredelemnul.
   396 | D        | Found a glowing golden altar of the Shining One.
   396 | D        | Found a snail-covered altar of Cheibriados.
   396 | D        | Found a sacrificial altar of Ru.
   396 | D        | Found a glowing silver altar of Zin.
   396 | D        | Found a shadowy altar of Dithmenos.
   396 | D        | Found a white marble altar of Elyvilon.
   396 | D        | Noticed a yak
   397 | D        | Found an opulent altar of Gozag.
   398 | D        | Killed a yak
   398 | D        | Reached skill level 5 in Dodging
   398 | D        | Reached skill level 17 in Stealth
   399 | D        | Found a sparkling altar of Nemelex Xobeh.
   450 | D        | Found a burning altar of Makhleb.
   450 | D        | Found a shimmering altar of Xom.
   450 | D        | Noticed a slime creature
   451 | D        | Found a viscous altar of Jiyva.
   451 | D        | Found a corrupted altar of Lugonu.
   453 | D        | Killed a slime creature
   453 | D        | Reached *** piety under Trog
   453 | D        | Reached skill level 5 in Fighting
   453 | D        | Reached skill level 5 in Unarmed Combat
   453 | D        | Reached XP level 7. HP: 33/33 MP: 8/8
   472 | D        | Noticed a centaur warrior
   472 | D        | Noticed a centaur warrior
   473 | D        | Killed a centaur warrior
   473 | D        | Reached skill level 19 in Stealth
   473 | D        | Reached XP level 8. HP: 39/39 MP: 9/9
   475 | D        | Killed a centaur warrior
   475 | D        | Reached skill level 10 in Dodging
   475 | D        | Reached skill level 20 in Stealth
   483 | D        | Noticed a hornet
   486 | D        | Killed a hornet
   486 | D        | Reached XP level 9. HP: 44/44 MP: 10/10
   503 | D        | Noticed an oklob plant
   514 | D        | HP: 3/66 [oklob plant/splash of acid (13)]
   514 | D        | Splashed by an oklob plant's acid
   515 | D        | Reached XP level 8. HP: -6/60 MP: 9/9
   515 | D        | Found Yreh's Armour Emporium.
   523 | D        | Noticed a deep troll
   527 | D        | Killed a deep troll
   527 | D        | Reached **** piety under Trog
   533 | D        | Noticed Sonja
   536 | D        | Killed Sonja
   536 | D        | Reached skill level 21 in Stealth
   536 | D        | Reached XP level 9. HP: 45/45 MP: 10/10
   593 | D        | Killed an oklob plant
  1056 | D        | Noticed an unseen horror
  1056 | D        | Noticed an unseen horror
  1062 | D        | Killed an unseen horror
  1062 | D        | Reached skill level 22 in Stealth
  1064 | D        | Killed an unseen horror
  1064 | D        | Reached skill level 10 in Fighting
  1064 | D        | Reached skill level 10 in Unarmed Combat
  1068 | D        | Reached ***** piety under Trog
  1084 | D        | Reached XP level 10. HP: 51/51 MP: 11/11
  1185 | D        | Found Akimmono's Antique Armour Shoppe.
  1185 | D        | Found Ytul's Food Shop.
  1185 | D        | Found Socwagh's Food Boutique.
  1187 | D        | Found Komm's Distillery.
  1187 | D        | Found Kufoichu's Gadget Shop.
  1187 | D        | Found Yhofopox's Jewellery Shoppe.
  1187 | D        | Found Ceskeun's Weapon Boutique.
  1187 | D        | Found Myory Bosie's Armour Emporium.
  1187 | D        | Found Gefogg's Gadget Shop.
  1187 | D        | Found Huqehid's Weapon Shoppe.
  1191 | D        | Found Nosmamn's Jewellery Boutique.
  1192 | D        | Bought a potion of flight for 42 gold pieces
  1192 | D        | Found Mulecwoc's Antique Armour Emporium.
  1192 | D        | Found Hotishay's Jewellery Boutique.
  1193 | D        | Found Dotyt's Weapon Emporium.
  1218 | D        | Bought a potion of resistance for 140 gold pieces
  1268 | D        | Found Kaadol's Armour Boutique.
  1296 | D        | Killed by an exploding ballistomycete spore
  1297 | D        | Reached XP level 9. HP: -12/47 MP: 10/10
  1383 | D        | Noticed a shining eye
  1383 | D        | Noticed a shining eye
  1383 | D        | Noticed a shining eye
  1383 | D        | Noticed a shining eye
  1383 | D        | Noticed a shining eye
  1383 | D        | Noticed a shining eye
  1387 | D        | Noticed a shining eye
  1387 | D        | Noticed a shining eye
  1388 | D        | Killed a shining eye
  1389 | D        | Killed a shining eye
  1389 | D        | Gained mutation: You tend to lose your temper in combat. [a
                  | shining eye]
  1390 | D        | Killed a shining eye
  1390 | D        | Reached skill level 23 in Stealth
  1392 | D        | Killed a shining eye
  1393 | D        | Paralysed by a floating eye for 3 turns
  1394 | D        | Killed a shining eye
  1397 | D        | Killed a shining eye
  1397 | D        | Gained mutation: You are dopey. (Int -2) [a shining eye]
  1399 | D        | Killed a shining eye
  1399 | D        | Reached XP level 10. HP: 52/52 MP: 11/11
  1400 | D        | Killed a shining eye
  1406 | D        | Found Aptadim's Book Shoppe.
  1406 | D        | Found Vyot's Book Shop.
  1406 | D        | Found Gan Ebb's Antique Weapon Emporium.
  1406 | D        | Found Focsi's Distillery.
  1444 | D        | Bought an uncursed ring of fire for 275 gold pieces
  1480 | D        | Bought an uncursed ring of poison resistance for 240 gold
                  | pieces
  1534 | D        | Reached ****** piety under Trog
  1786 | D        | Noticed a gargoyle
  1789 | D        | Killed a gargoyle
  1792 | D        | Noticed a lorocyproca
  1846 | D        | Killed a lorocyproca
  1846 | D        | Reached skill level 15 in Dodging
  2177 | D        | Noticed a lindwurm
  2179 | D        | Killed a lindwurm
  2188 | D        | Reached skill level 24 in Stealth
  2205 | D        | Reached XP level 11. HP: 57/57 MP: 12/12
  2582 | D        | Noticed a 12-headed hydra
  2584 | D        | Killed a 12-headed hydra
  2594 | D        | Noticed a deep elf annihilator
  2658 | D        | Noticed a golden dragon
  2659 | D        | Noticed a shadow dragon
  2663 | D        | Killed a golden dragon
  2664 | D        | Killed from afar by a shadow dragon
  2665 | D        | Reached XP level 10. HP: -13/55 MP: 11/11
  2672 | D        | Killed a shadow dragon
  2672 | D        | Reached skill level 25 in Stealth
  2741 | D        | Found Balint's Gadget Shoppe.
  2759 | D        | Bought a wand of digging (16) for 520 gold pieces
  2831 | D        | Noticed a daeva
  2844 | D        | Killed a daeva
  2990 | D        | Noticed an unseen horror
  2990 | D        | Noticed an unseen horror
  2990 | D        | Noticed an unseen horror
  2990 | D        | Noticed an unseen horror
  2990 | D        | Noticed an unseen horror
  2992 | D        | Killed an unseen horror
  2992 | D        | Reached XP level 11. HP: 60/60 MP: 12/12
  2993 | D        | Killed an unseen horror
  2995 | D        | Killed an unseen horror
  3001 | D        | Killed an unseen horror
  3003 | D        | Killed an unseen horror
  3149 | D        | Noticed a fire giant
  3173 | D        | Killed a fire giant
  3192 | D        | Noticed a fire giant
  3193 | D        | Noticed a fire giant
  3198 | D        | Killed a fire giant
  3199 | D        | Killed a fire giant
  3414 | D        | Noticed a fire giant
  3421 | D        | Killed a fire giant
  3421 | D        | Reached skill level 15 in Fighting
  3421 | D        | Reached skill level 26 in Stealth
  3421 | D        | Reached skill level 15 in Unarmed Combat
  3455 | D        | Noticed Tiamat
  3457 | D        | Got the Orb of Zot
  3491 | D        | Noticed a gelid corrupter
  3491 | D        | Noticed a cacodemon
  3491 | D        | Noticed a shadow demon
  3491 | D        | Noticed a soul eater
  3530 | D        | Escaped with the Orb!

Skill      XL: |  1  2  3  4  5  6  7  8  9 10 11 |
---------------+----------------------------------+-----
Stealth        | 8 12 16 17 19 21 23 25 26 | 26.1
Fighting       | 5 6 9 11 14 15 | 15.0
Dodging        | 6 9 11 14 15 18 | 18.7
Unarmed Combat | 5 6 9 11 14 15 | 15.0

Action                   |  1- 3 |  4- 6 |  7- 9 | 10-12 || total
-------------------------+-------+-------+-------+-------++-------
Melee: Unarmed           |    14 |     7 |    42 |    98 ||   161
       Bite              |     1 |       |     7 |     9 ||    17
       Punch             |       |       |     4 |     6 ||    10
Invok: Berserk           |     2 |     1 |     3 |     6 ||    12
       Brothers in Arms  |       |       |     3 |    13 ||    16
       Trog's Hand       |       |       |     3 |     8 ||    11
Evoke: Wand              |       |       |       |     2 ||     2
  Use: Scroll            |       |       |     2 |     2 ||     4
       Potion            |       |       |     2 |     4 ||     6
 Stab: Sleeping          |     1 |     3 |    11 |    18 ||    33
       Distracted        |       |       |     1 |     1 ||     2
  Eat: Chunk             |       |     1 |     6 |    16 ||    23
       Ration            |       |       |       |     2 ||     2
Armor: Skin              |       |       |       |     4 ||     4
Dodge: Dodged            |     8 |     2 |     7 |   130 ||   147
